AoeStats
← nonoleboss

Arabia

510137795Analyzed
1v1 RM · 2d ago on Sep 29, 2026· 39m 23s· 2 players
Game mode
Random Map
Map size
Tiny (2 player)
Population
200
Speed
Normal
Resources
Standard
Victory
Conquest
Starting age
Dark Age
Ending age
Imperial Age
RankedLock teamsTeams togetherTeam positionsShared explorationLock speedFull tech treeHidden civsTurbo modeCheats
Victory
Defeat
🇧🇦 Dravidians · Bosnia & Herzegovina
1329
+16
🇫🇷 Franks · France
1324
-16
nonoleboss
5:57 Loom
9:08 Feudal Age
9:51 Double-Bit Axe
19:47 Wheelbarrow
21:04 Fletching
21:14 Padded Archer Armor
25:06 Castle Age
23:44 Scale Barding Armor
23:51 Forging
25:07 Elite Skirmisher
25:47 Bodkin Arrow
26:31 Leather Archer Armor
27:13 Husbandry
28:37 Chain Barding Armor
36:03 Hand Cart
36:15 Squires
36:48 Scale Mail Armor
38:21 Ballistics
38:50 Chain Mail Armor
momentum4000
6:47 Loom
9:46 Feudal Age
10:15 Double-Bit Axe
10:47 Horse Collar
18:18 Fletching
22:04 Castle Age
22:32 Scale Barding Armor
22:23 Gold Mining
22:07 Crossbowman
22:43 Bodkin Arrow
23:08 Bow Saw
23:43 Wheelbarrow
24:03 Squires
23:40 Pikeman
24:34 Town Watch
25:09 Heavy Plow
26:07 Scale Mail Armor
26:49 Husbandry
27:12 Padded Archer Armor
27:47 Man-at-Arms
29:45 Chain Barding Armor
29:58 Ballistics
30:17 Thumb Ring
31:45 Leather Archer Armor
35:11 Hand Cart
35:44 Medical Corps
39:13 Imperial Age
38:46 Forging
39:51 Town Patrol
Connection lost

Rejoining the realm…

Still unreachable

The connection could not be restored.

Session expired

The server has moved on; the page needs a fresh start.